 Dungeon Crawl Stone Soup version 0.29.1-4-g47bece8355 (webtiles) character file.

Game seed: 6294200839227631379

73 javelincjr the Conjurer (level 4, -1/24 HPs)
             Began as a Deep Elf Conjurer on Dec 3, 2022.
             Slain by an orc wizard
             ... wielding a +0 dagger
              (3 damage)
             ... on level 3 of the Dungeon.
             The game lasted 00:07:40 (1769 turns).

javelincjr the Conjurer (Deep Elf Conjurer)         Turns: 1769, Time: 00:07:40

Health: -1/24      AC:  4    Str:  4    XL:     4   Next: 8%
Magic:  0/11       EV: 12    Int: 25    God:
Gold:   134        SH:  0    Dex: 13    Spells: 7/10 levels left

rFire   . . .      SeeInvis .   n - staff of death
rCold   . . .      Faith    .   (no shield)
rNeg    + . .      Spirit   .   a - +0 robe
rPois   .          Reflect  .   (no helmet)
rElec   .          Harm     .   (no cloak)
rCorr   .          Rampage  .   r - +0 pair of gloves
Will    .....                   f - +0 pair of boots
Stlth   ++........              (no amulet)
HPRegen 0.08/turn               (no ring)
MPRegen 0.12/turn               (no ring)

@: no status effects
A: no striking features
a: no special abilities


You were on level 3 of the Dungeon.
You visited 1 branch of the dungeon, and saw 3 of its levels.

You collected 134 gold pieces.

Inventory:

Hand Weapons
 i - a +0 dagger
Missiles
 c - 15 stones
 l - 13 poisoned darts (quivered)
Armour
 a - a +0 robe (worn)
 f - a +0 pair of boots (worn)
 r - a +0 pair of gloves (worn)
Magical Staves
 n - a staff of death (weapon)
Jewellery
 p - a ring of wizardry
Scrolls
 g - a scroll of brand weapon {unknown}
 h - a scroll of blinking {unknown}
 k - a scroll of identify {unknown}
 q - a scroll of enchant weapon {unknown}
 s - 2 scrolls of teleportation {unknown}
 u - a scroll of magic mapping {unknown}
Potions
 b - a potion of magic
 d - a potion of resistance {unknown}
 e - a potion of heal wounds {unknown}
 j - a potion of might {unknown}
 m - a potion of curing {unknown}
 o - a potion of flight {unknown}
 t - a potion of brilliance {unknown}


   Skills:
 + Level 0.1 Staves
 + Level 0.3 Throwing
 + Level 2.5 Dodging
 + Level 3.3 Stealth
 + Level 3.6 Spellcasting
 + Level 5.4 Conjurations


You had 7 spell levels left.
You knew the following spells:

 Your Spells              Type           Power      Damage    Failure   Level
a - Magic Dart            Conj           100%       1d8       1%          1
b - Searing Ray           Conj           62%        2d6       1%          2

Your spell library contained the following spells:

 Spells                   Type           Power      Damage    Failure   Level
 Dazzling Flash           Conj/Hex       36%        N/A       10%         3
 Fulminant Prism          Conj/Hex       9%         3d7       30%         4
 Iskenderun's Mystic Bla  Conj/Tloc      18%        2d6       30%         4


Dungeon Overview and Level Annotations

Branches:
Dungeon (3/15)

Altars:
Zin


Message History

You bump into the rock wall.
The orc wizard hits you with a +0 dagger.
* * * LOW HITPOINT WARNING * * *
You hit the orc wizard but do no damage.
The orc wizard is moderately wounded.
The orc wizard hits you but does no damage.
You bump into the rock wall.
The orc wizard gestures wildly while chanting.
The orc wizard flickers and vanishes!
Deactivating autopickup; reactivate with Ctrl-A.
Something hits you but does no damage. The bat barely misses you.
You bump into the rock wall.
The bat barely misses you.
You hear some strange, mumbled words.
Something tries to affect you, but you resist.
You bump into the rock wall.
You feel less confused.
You hear some strange, mumbled words.
You are confused.
The bat barely misses you. The bat hits you but does no damage.
The bat barely misses you. The bat hits you but does no damage.
You bump into the rock wall.
The bat closely misses you.
You bump into the rock wall.
The bat closely misses you. The bat hits you but does no damage.
You feel less confused. The bat barely misses you. x2
Casting: Magic Dart (safe; 1% risk of failure)
Confirm with . or Enter, or press ? or * to list all spells.
Aiming: Searing Ray (safe; 1% risk of failure)
Press: ? - help, Shift-Dir - straight line The searing ray hits the bat.
You kill the bat!
The searing ray hits something. (Press . to maintain the ray.) Without enough magic to sustain it, your searing ray dissipates.
Something hits you.
* * * LOW HITPOINT WARNING * * *
Something hits you.
You die...

##########)#
.........#)#
########.#)#
###...#
######.....#
.........#.#
.##...##.#.#
.....†..<#.#
##..######@#
...........#
##.#########


There were no monsters in sight!

Vanquished Creatures
  An orc priest (D:3)
  An adder (D:3)
  A dart slug (D:1)
  2 orcs (D:3)
  4 bats
  3 endoplasms
  2 giant cockroaches
  2 goblins
  4 hobgoblins
  3 kobolds (D:2)
  A quokka (D:1)
  A frilled lizard (D:1)
  5 rats
30 creatures vanquished.

Notes
Turn   | Place    | Note
-------+----------+-------------------------------------------
     0 | D:1      | javelincjr the Deep Elf Conjurer began the quest for the
                  | Orb.
     0 | D:1      | Reached XP level 1. HP: 10/10 MP: 6/6
   109 | D:2      | Found a faded altar of an unknown god.
   335 | D:1      | Reached XP level 2. HP: 15/15 MP: 5/8
   430 | D:1      | Reached skill level 5 in Conjurations
  1329 | D:2      | Found a glowing silver altar of Zin.
  1636 | D:2      | Reached XP level 3. HP: 19/19 MP: 6/9
  1646 | D:2      | Learned a level 2 spell: Searing Ray
  1748 | D:3      | Reached XP level 4. HP: 11/24 MP: 2/11
  1769 | D:3      | Slain by an orc wizard

Illustrated notes

Levels and vault maps discovered:
D:1:      dpeg_arrival_pond, layout_loops_ring, nicolae_titane
D:2:      layout_basic, basic_altar, shapermc_ecumenical_altar_ellora
D:3:      layout_basic, chei_slow_surprise, yredelemnul_forgotten_temple_becter,
          grunt_dithmenos_smoke, serial_shops, nicolae_square_shop,
          roderic_batcave, chequers_serial_rivers_small_a

Skill      XL: |  1  2  3 |
---------------+----------+-----
Conjurations   | 5 |  5.4
Stealth        | 3 |  3.3
Staves         | |  0.1
Throwing       | |  0.3
Dodging        | |  2.5
Spellcasting   | |  3.6

Action                   |  1- 3 |  4- 6 || total
-------------------------+-------+-------++-------
Melee: Unarmed           |     2 |       ||     2
       Staff             |    13 |     5 ||    18
       Punch             |       |     1 ||     1
Throw: Dart              |     4 |       ||     4
 Cast: Magic Dart        |    42 |     3 ||    45
       Searing Ray       |     1 |     1 ||     2
 Stab: Sleeping          |     3 |       ||     3
Armor: Robe              |     4 |     6 ||    10
Dodge: Dodged            |    22 |    10 ||    32
